← All builds
Geo sea / Armada / Economy first / OBSERVED BUILD

Standard geo sea

Armada Geo sea build order · Supreme Isthmus

The role's baseline: bot lab then shipyard in the cove, early destroyer and submarine to contest the sea, with geothermal powering the economy as the game transitions into a naval/amphibious mix.

Usually shipyard in the cove (89%)

#naval #eco · 1353 distinct matches · 173 players · 78% of Armada Geo sea games · team won 55% of 1508 · Recently observed

HOW TO PLAY IT

Key timing: Shipyard by 3:12

  1. Open 3 mex and wind, then drop Bot Lab by 1:12.
  2. Build Shipyard in the cove to start the naval contest.
  3. Pump submarine then destroyer to contest enemy sea entry.
  4. Add geothermal powerplant to fund the economy transition.
  5. Upgrade to Advanced Metal Extractor as eco scaling finishes.

Phase by phase

TYPICAL OF ITS 1353 GAMES
  1. 1
  2. 2
  3. 3
  4. 4
PLAY THE OPENING

Follow the example game's first 6:00 step by step: what to build now, what comes next, and where it goes. At 1× it keeps pace with your own game.

  1. 1

    Up to the Bot Lab

    Economy
    • Metal Extractor3Mex
    • Wind Turbine3Wind
    Order
    1. Bot LabBot Lab after 3 mex, 3 winddone ~1:12, middle half 1:06–1:18

    Some games also: wind for allies (46%)

    By 0:55 in all: 3 mex · 3 wind

    The example game in this phase · 3 steps
    1. Mex ×3
    2. Wind ×3
    3. Bot LabBot Labdone 1:18 · typical 1:12
  2. 2

    Bot Lab to Shipyard

    Economy
    • Metal Extractor1Mex
    • Wind Turbine1Wind
    Order
    1. ShipyardShipyard after 4 mex, 4 winddone ~3:11, middle half 2:48–3:37
    Builders
    • Construction Bot3 Con bot
    • Lazarus2 Lazarus

    Some games also: pawn (42%) · con turret (39%) · crossbow (39%)

    By 2:47 in all: 4 mex · 4 wind

    The example game in this phase · 6 steps
    1. LazarusLazarus
    2. Construction BotCon bot
    3. Wind
    4. Construction BotCon bot
    5. LazarusLazarus
    6. ShipyardShipyarddone 2:37 · typical 3:11
  3. 3

    Shipyard to 5:00

    Economy
    • Metal Extractor4Mex
    • Wind Turbine2Wind
    Order
    1. Bot LabEat Bot Lab
    Builders
    • Construction Ship1 Con ship
    Army
    • Dolphin3 Dolphin
    • Skater1 Skater
    Other
    • Radar Tower1 Radar Tower

    Some games also: destroyer (48%) · Sentry (44%) · submarine (44%) · converter (33%) · con turret (32%)

    By 5:00 in all: 8 mex · 7 wind · 1 energy storage · 1 con turret

    The example game in this phase · 29 steps
    1. Construction BotCon bot
    2. PawnPawn
    3. DolphinDolphin
    4. Mex
    5. DolphinDolphin
    6. PawnPawn
    7. CrossbowCrossbow
    8. Construction ShipCon ship
    9. LazarusLazarus
    10. SkaterSkater
    11. Converter
    12. Mex ×2
    13. DolphinDolphin
    14. Mex
    15. DolphinDolphin
    16. Bot LabEat Bot Labreclaimed for its metal
    17. Wind
    18. Con turret
    19. SkaterSkater
    20. Naval Radar / Sonar TowerNaval Radar / Sonar Tower
    21. Mex
    22. Wind
    23. DolphinDolphin ×2
    24. Radar TowerRadar Tower
    25. Wind
    26. EllysawFrigate
    27. Wind
    28. EllysawFrigate
    29. Wind
  4. 4

    5:00 to 10:00

    Economy
    • Metal Extractor2Mex
    • Wind Turbine12Wind
    • Energy Converter3Converter
    Builders
    • Construction Turret1 Con turret
    • Grim Reaper1 Grim Reaper
    • Construction Ship1 Con ship
    Army
    • Sentry1 Sentry
    • Dolphin4 Dolphin
    • Skater2 Skater
    • Corsair2 Destroyer

    Some games also: Harpoon (42%) · frigate (42%) · geo (41%) · Naval Construction Turret (35%) · submarine (31%)

    By 10:00 in all: 11 mex · 20 wind · 1 geo · 4 converter · 1 energy storage · 2 con turret

    The example game in this phase · 149 steps
    1. EllysawFrigate
    2. Wind ×2
    3. CorsairDestroyerdone 5:58 · typical 5:39
    4. Naval Radar / Sonar TowerNaval Radar / Sonar Tower
    5. Mex
    6. Radar TowerRadar Tower ×2
    7. Converter
    8. Geothermal PowerplantGeodone 7:20 · typical 7:52
    9. EllysawFrigate
    10. Wind
    11. Grim ReaperGrim Reaper
    12. Wind
    13. Converter
    14. Tidal
    15. Wind
    16. Naval Radar / Sonar TowerNaval Radar / Sonar Tower
    17. Wind
    18. SkaterSkater
    19. Wind
    20. CorsairDestroyer
    21. Con turret ×2
    22. Naval Radar / Sonar TowerNaval Radar / Sonar Tower
    23. Converter
    24. SentrySentry ×2
    25. EllysawFrigate
    26. HarpoonHarpoon
    27. Converter
    28. NettleNettle
    29. Converter
    30. Naval Radar / Sonar TowerNaval Radar / Sonar Tower
    31. NettleNettle
    32. Converter
    33. HarpoonHarpoon
    34. Energy storage
    35. Wind
    36. Naval Radar / Sonar TowerNaval Radar / Sonar Tower
    37. Advanced Metal ExtractorT2 mexdone 10:03 · typical 9:20
    38. Converter ×2
    39. Wind
    40. EllysawFrigate
    41. Converter
    42. Wind
    43. Converter
    44. Wind
    45. EllysawFrigate
    46. Converter
    47. Mex
    48. Wind
    49. Converter
    50. Wind ×2
    51. EllysawFrigate
    52. Mex
    53. Wind ×3
    54. Radar TowerRadar Tower
    55. Wind
    56. Advanced Metal ExtractorT2 mex
    57. Wind ×2
    58. DolphinDolphin
    59. Grim ReaperGrim Reaper
    60. Wind ×3
    61. Grim ReaperGrim Reaper
    62. Wind ×3
    63. DolphinDolphin
    64. Wind ×2
    65. Con turret
    66. DolphinDolphin
    67. Wind ×2
    68. DolphinDolphin
    69. Wind
    70. DolphinDolphin
    71. Construction ShipCon ship
    72. Wind ×2
    73. DolphinDolphin
    74. Wind
    75. Naval Construction Turret
    76. Wind
    77. Advanced Metal ExtractorT2 mex
    78. Naval Construction Turret
    79. Wind
    80. DolphinDolphin
    81. Wind ×2
    82. DolphinDolphin
    83. Wind ×2
    84. DolphinDolphin
    85. Wind
    86. DolphinDolphin
    87. Wind ×2
    88. DolphinDolphin ×2
    89. Wind
    90. EllysawFrigate
    91. Wind
    92. EllysawFrigate ×2
    93. Wind
    94. SkaterSkater
    95. Wind
    96. SkaterSkater ×2
    97. Wind
    98. SkaterSkater
    99. EllysawFrigate
    100. Wind
    101. SkaterSkater
    102. Wind
    103. CorsairDestroyer
    104. Wind
    105. Advanced Metal ExtractorT2 mex
    106. Grim ReaperGrim Reaper
    107. EllysawFrigate ×3
    108. Wind
    109. Naval Radar / Sonar TowerNaval Radar / Sonar Tower
    110. EllysawFrigate
    111. SkaterSkater
    112. Grim ReaperGrim Reaper
    113. Wind
    114. Grim ReaperGrim Reaper
    115. CorsairDestroyer
    116. Naval Radar / Sonar TowerNaval Radar / Sonar Tower ×2
    117. Con turret
    118. Grim ReaperGrim Reaper
    119. EllysawFrigate
    120. Con turret
    121. EllysawFrigate
    122. SkaterSkater
    123. Grim ReaperGrim Reaper
    124. DolphinDolphin
    125. Mex
    126. Advanced Metal ExtractorT2 mex
    127. DolphinDolphin
    128. Wind
    129. DolphinDolphin
    130. Wind
    131. DolphinDolphin
    132. Wind
    133. Naval Radar / Sonar TowerNaval Radar / Sonar Tower
    134. DolphinDolphin
    135. Wind ×2
    136. DolphinDolphin
    137. Wind ×2
    138. DolphinDolphin
    139. Wind ×2
    140. DolphinDolphin
    141. Wind ×2
    142. DolphinDolphin
    143. Wind
    144. DolphinDolphin
    145. Wind
    146. DolphinDolphin
    147. Wind ×3
    148. Advanced ShipyardAdvanced Shipyardnot finished by 15:00
    149. Wind ×2

Counts are medians over the build's games: half of them build more, half fewer. The example game is Hannodins's (36 OS, 14/10/2026); pick another.

Team trades

IN AT LEAST 30% OF ITS GAMES

You hand over

  • Wind Turbine2 Wind to Airfirst at 1:41 · in 64% of games

You get

  • Finch1 Finch from Airfirst at 1:53 · in 74% of games
  • Hercules1 Light transport from Airfirst at 2:04 · in 65% of games
  • Advanced Construction Bot1 T2 con bot from Techfirst at 7:43 · in 90% of games

How it plays out

Typical game of this build, running totals by minute

Metal produced

010k20k30k
0:005:0010:0015:00

metal

Enemy metal destroyed

05k10k
0:005:0010:0015:00

metal

Own metal lost

02.5k5k7.5k
0:005:0010:0015:00

metal

1508 games.

Show as table
ByMetal produced: This buildEnemy metal destroyed: This buildOwn metal lost: This build
1:0039500
2:0092800
3:00159900
4:002877040
5:00412619054
6:005518531295
7:007056993625
8:00872116891025
9:001057824601595
10:001280333622244
11:001538344153110
12:001846854653798
13:002177264294605
14:002537275585383
15:002893884516202
WHAT THE NUMBERS SAY

Standard Geo sea play wins slightly less than half the time but builds a strong metal base by 15:00 with moderate losses.

  • + Metal produced reaches 29210 by 15:00, well above Beach sea's early pace.
  • + Corsair (destroyer) makes up 34% of army, a clear naval focus.
  • − Own metal lost climbs to 6339 by 15:00 from sea skirmishes.
  • − Geothermal only completes in 58% of games, an inconsistent power spike.
THE EXAMPLE YOU ARE READING

Hannodins

35.9 OS · 14/10/2026

Open source match ↗

2 received units · includes a constructor
171 metal received · 17782 energy received

Allied construction assistance is unknown. Timings are observations, not a promise of solo reproducibility.

Typical milestones

Bot Lab1:12Middle 50%: 1:06–1:18 · n=1466
Shipyard3:11Middle 50%: 2:48–3:37 · n=1488
Eel4:27Middle 50%: 3:45–5:37 · n=918
Corsair5:39Middle 50%: 4:56–6:38 · n=1388
Geothermal Powerplant7:52Middle 50%: 6:48–9:30 · n=950
Advanced Metal Extractor9:20Middle 50%: 8:38–10:10 · n=1319

Played most by

_X_134games of this buildJesterB66games of this buildOptimusprimenutt61games of this buildhaaven55games of this buildpyrothraxus51games of this build
Standard geo sea · Armada Geo sea build order · BAR Build Atlas